 Dungeon Crawl Stone Soup version 0.23.2-40-g277498a001 (webtiles) character file.

Game seed: 1021021395941120879

58090 LazyJones the Fighter (level 14, 121/121 HPs)
             Began as a Demonspawn Wanderer on Oct 9, 2019.
             Was the Champion of Okawaru (penitent).
             Quit the game on level 8 of the Dungeon.
             The game lasted 01:00:11 (27749 turns).

LazyJones the Fighter (Demonspawn Wanderer)        Turns: 27749, Time: 01:00:12

Health: 121/121    AC: 21    Str: 21    XL:     14   Next: 48%
Magic:  19/19      EV: 13    Int: 11    God:    Okawaru [*]
Gold:   883        SH:  6    Dex: 23    Spells: 13/13 levels left

rFire    + . .     SeeInvis .   a - +5 war axe "Xavov" {flame, Str+2 Dex+4}
rCold    . . .     Gourm    .   M - +0 buckler
rNeg     + . .     Faith    .   x - +2 plate armour {rPois}
rPois    +         Spirit   +   (helmet restricted)
rElec    .         Reflect  .   p - +0 cloak "Nois Uleraga" {rF+ rN+ MR+}
rCorr    .         Harm     .   D - +0 pair of gloves
MR       ++...                  (no boots)
Stlth    ..........             Y - amulet of regeneration
HPRegen  0.70/turn              s - ring of stealth
MPRegen  0.32/turn              U - +5 ring of dexterity

@: no status effects
A: horns 2, thin metallic scales 1, powered by pain 2, magic shield, magic
regeneration, magic link
a: Renounce Religion


You were on level 8 of the Dungeon.
You worshipped Okawaru.
Okawaru was demanding penance.
You were not hungry.

You visited 2 branches of the dungeon, and saw 16 of its levels.
You also visited: Gauntlet and Volcano.

You collected 1099 gold pieces.
You spent 216 gold pieces at shops.

Inventory:

Hand Weapons
 a - the +5 war axe "Xavov" (weapon) {flame, Str+2 Dex+4}
   (Okawaru gifted it to you on level 5 of the Lair of Beasts)

   It has been specially enchanted to burn those struck by it, causing extra
   injury to most foes and up to half again as much damage against particularly
   susceptible opponents.
   Big, fiery blades are also staple armaments of hydra-hunters.
   It affects your strength (+2).
   It affects your dexterity (+4).
 b - a +2 hunting sling of velocity
 k - a +0 broad axe of flaming
Missiles
 E - 124 sling bullets
 F - 4 tomahawks of dispersal (quivered)
 J - 6 throwing nets {!f}
 R - 4 curare-tipped needles
 T - 2 poisoned javelins
Armour
 d - a +6 chain mail of fire resistance
 p - the +0 cloak "Nois Uleraga" (worn) {rF+ rN+ MR+}
   (You found it on level 2 of the Lair of Beasts)

   It protects you from fire.
   It protects you from negative energy.
   It affects your resistance to hostile enchantments.
 x - a +2 plate armour of poison resistance (worn)
 D - a +0 pair of gloves (worn)
 M - a +0 buckler (worn)
Jewellery
 s - a ring of stealth (left hand)
 U - a +5 ring of dexterity (right hand)
 Y - an amulet of regeneration (around neck)
Wands
 e - a wand of digging (5)
 v - a wand of acid (10)
 I - a wand of random effects (67)
 Q - a wand of disintegration (15)
 X - a wand of enslavement (5)
 Z - a wand of clouds (3)
Scrolls
 m - 10 scrolls of teleportation {!r}
 q - 2 scrolls of blinking {!r}
 r - 4 scrolls of remove curse {!r}
 y - 2 scrolls of fear {!r}
 z - 2 scrolls of amnesia {!r}
 C - a scroll of enchant weapon {!r}
 L - a scroll of fog {!r}
 O - a scroll of acquirement {!r, unknown}
 P - a scroll of enchant armour {!r}
 S - a scroll of random uselessness {!r, unknown}
 V - a scroll of holy word {!r, unknown}
Potions
 c - 10 potions of curing {!q}
 j - 2 potions of magic {!q}
 n - 2 potions of heal wounds {!q}
 o - 3 potions of agility {!q}
 u - a potion of cancellation {!q}
 w - a potion of berserk rage {!q}
 A - a potion of might {!q}
 B - 2 potions of ambrosia {!q}
 G - a potion of haste {!q}
 H - a potion of flight {!q}
 K - 2 potions of lignification {!q}
 W - a potion of resistance {!q}
Miscellaneous
 g - a fan of gales
 h - a lamp of fire
 i - a lightning rod (4/4)
 l - a phial of floods
 t - a phantom mirror
Comestibles
 f - 16 rations


   Skills:
 + Level 14.8 Fighting
   Level 2.6 Short Blades
 - Level 10.8 Axes
 - Level 1.0 Throwing
 + Level 9.9 Armour
 + Level 9.9 Dodging
 - Level 5.0 Shields
 + Level 2.2 Invocations
 - Level 7.0 Evocations


You had 13 spell levels left.
You didn't know any spells.
Your spell library contained the following spells:

 Spells                   Type           Power        Failure   Level  Hunger
 Infusion                 Chrm           #...         99%         1    ##.....
 Magic Dart               Conj           #...         99%         1    ##.....
 Searing Ray              Conj           #.....       100%        2    ###....
 Shroud of Golubria       Chrm/Tloc      #.........   100%        2    ###....
 Song of Slaying          Chrm           #.......     100%        2    ###....
 Dazzling Spray           Conj/Hex       #.....       100%        3    ####...
 Recall                   Summ/Tloc      N/A          100%        3    ####...
 Force Lance              Conj/Tloc      #.......     100%        4    #####..
 Fulminant Prism          Conj/Hex       #.........   100%        4    #####..
 Iskenderun's Mystic Bla  Conj           #.......     100%        4    #####..
 Excruciating Wounds      Chrm/Necr      #.........   100%        5    ######.
 Ring of Flames           Chrm/Fire      #.........   100%        7    #######


Dungeon Overview and Level Annotations

Branches:
Dungeon (10/15)            Temple (0/1) D:4            Lair (6/6) D:8
 Shoals (0/4) Lair:2        Snake (0/4) Lair:4        Slime (0/5) Lair:6
    Orc (0/2) D:9

Altars:
Ashenzari
Dithmenos
Fedhas
Kikubaaqudgha
Okawaru
Ru
Trog
Vehumet
Jiyva

Shops:
D:4 (   D:7 !

Annotations:
D:2 Sigmund
D:5 3 runed translucent doors, steinardarri's ghost, novice CeAM
Lair:2 exclusions: oklob plant and 1 more exclusion


Innate Abilities, Weirdness & Mutations

You have a pair of horns on your head.
You are partially covered in thin metallic scales. (AC +2)
You sometimes gain power by taking damage.
When hurt, damage is shared between your health and your magic reserves.
You regenerate magic rapidly.
When low on magic, you restore magic in place of health.


Message History

You see here a shiny plate armour.
x - a shiny plate armour You start removing your armour.
You continue taking off your +6 chain mail of fire resistance. x4
You finish taking off your +6 chain mail of fire resistance.
You feel less resistant to fire.
You start putting on your armour.
You continue putting on your shiny plate armour. x5
You finish putting on your +2 plate armour of poison resistance.
You feel resistant to poison.
(D) Dungeon (T) Temple (L) Lair (A) Shoals (P) Snake Pit (M) Slime Pits (O) Orcish Mines
Where to? (Enter - D:8 @ (x,y), ? - help)
Okay, then.
Unknown command.
Things that are here:
2 potions of mutation {!q}; 4 potions of brilliance {!q} an uncursed ring of ice
There is an open translucent door here.
Are you sure you want to abandon this character and quit the game? (Confirm with "yes".)

######.⌠.###.........###._.# #.
######...'#..###'###..#'...######
##...##.##..###...###..##.##...##
#.....###..##.......##..###.....#
#.._...'....'..._...'....'......#
#.....###..##.......##..###.....#
##...##.##..###...###..##.##...##
######...'#..###'###..#'...######
.#####...###....@....###._.#####.
.#..##...###'##8.8##'###...##....
....###.###...##'##...###.###.#..
....# ####.....#.#.._..#####..#..
.##########...##!##...## #.....p.
.........######...########.###..p
..........###########...##.# #...
#######.#.....#.....#.#.##># #...
#.#####.#.###.#.#.##.# #...


There were no monsters in sight!

Vanquished Creatures
  Kirke (Lair:3)
  A minotaur (Gauntlet)
  A red draconian (Volcano)
  A fire dragon (Lair:6)
  Harold (D:8)
  Fannar (Lair:2)
  10 hydras
  A centaur warrior (Volcano)
  A two-headed ogre (D:10)
  A thrashing horror (Gauntlet)
  A fire crab (Lair:4)
  A flayed ghost (D:8)
  A swamp dragon (Lair:6)
  Pikel (D:8)
  18 elephants
  Joseph (D:8)
  6 spiny frogs
  A black mamba (Lair:2)
  A molten gargoyle (Volcano)
  2 gargoyles
  11 komodo dragons
  6 rime drakes (Lair:6)
  3 yaktaurs (Volcano)
  3 large abominations (Gauntlet)
  A polar bear (Lair:3)
  A troll (D:10)
  24 blink frogs
  5 dream sheep (Lair:5)
  11 hippogriffs
  3 wraiths (D:8)
  2 wyverns (Lair:6)
  35 yaks
  2 shadows (D:8)
  8 small abominations (Gauntlet)
  5 hogs
  7 basilisks
  4 fire bats
  A steam dragon (Lair:6)
  Menkaure (D:3)
  Edmund (D:4)
  3 acid dragons (Lair:6)
  4 porcupines
  23 water moccasins
  A swamp drake (Lair:6)
  An ice beast (D:10)
  A hornet zombie (D:10)
  4 phantoms
  An eye of draining (D:9)
  5 ogres
  3 orc warriors
  A necrophage (D:7)
  4 wolves
  4 centaurs
  12 crocodiles
  A big kobold (D:4)
  15 bullfrogs
  Blork the orc (D:4)
  A gnoll sergeant (D:10)
  A scorpion (D:4)
  5 killer bees
  An electric eel (Lair:2)
  8 wights
  A howler monkey (D:9)
  A bullfrog zombie (D:5)
  4 hounds
  5 lava snakes (Volcano)
  5 jellies
  A bullfrog skeleton (D:7)
  A quasit (D:8)
  3 centaur skeletons
  8 orc priests
  8 orc wizards
  Jessica (D:2)
  7 iguanas
  7 worker ants
  A hound zombie (D:5)
  Robin (D:1)
  2 worker ant zombies
  9 adders
  15 gnolls
  A shadow imp (D:8)
  3 oozes
  2 adder skeletons
  4 worms
  A dart slug (D:3)
  2 leopard geckos
  40 orcs
  5 ball pythons
  5 giant cockroaches
  13 goblins
  15 hobgoblins
  9 jackals
  7 quokkas
  12 bats
  7 frilled lizards
  A jackal skeleton (D:4)
  11 kobolds
  A quokka skeleton (D:5)
  5 rats
  5 fungi
  4 plants
519 creatures vanquished.

Vanquished Creatures (collateral kills)
  Psyche (D:10)
  A killer bee (D:10)
2 creatures vanquished.

Vanquished Creatures (others)
  A slave (D:8)
  A wyvern skeleton (D:8)
  2 killer bees (D:10)
  5 bushes
  15 fungi
  20 plants
44 creatures vanquished.

Grand Total: 565 creatures vanquished

Notes
Turn   | Place    | Note
-------+----------+-------------------------------------------
     0 | D:1      | LazyJones the Demonspawn Wanderer began the quest for the
                  | Orb.
     0 | D:1      | LazyJones set off with the following items: a +0 falchion,
                  | a fan of gales, a potion of curing {!q}, a +0 robe, a
                  | ration
     0 | D:1      | Reached XP level 1. HP: 15/15 MP: 1/1
   125 | D:1      | HP: 6/15 [hobgoblin/+0 club (2)]
   210 | D:1      | HP: 2/15 [hobgoblin/+0 club (5)]
   258 | D:1      | HP: 3/15 [hobgoblin/+0 club (2)]
   559 | D:1      | HP: 4/16 [hobgoblin (3)]
   699 | D:1      | HP: 5/16 [hobgoblin (4)]
   700 | D:1      | Reached skill level 2 in Fighting
   952 | D:1      | Gained mutation: You have a pair of small horns on your
                  | head. [demonic ancestry]
   952 | D:1      | Reached XP level 2. HP: 22/22 MP: 2/2
  1410 | D:1      | Reached skill level 3 in Fighting
  1644 | D:1      | Gained mutation: When hurt, damage is shared between your
                  | health and your magic reserves. [demonic ancestry]
  1644 | D:1      | Reached XP level 3. HP: 29/29 MP: 3/3
  1733 | D:2      | Noticed Robin
  1733 | D:2      | Noticed Sigmund
  2645 | D:1      | Killed Robin
  2921 | D:2      | Noticed Jessica
  2927 | D:2      | Killed Jessica
  2927 | D:2      | Reached skill level 4 in Fighting
  2927 | D:2      | Gained mutation: You regenerate magic rapidly. [demonic
                  | ancestry]
  2927 | D:2      | Reached XP level 4. HP: 37/37 MP: 4/4
  3397 | D:3      | Noticed a phantom
  3442 | D:3      | Killed a phantom
  3442 | D:3      | Reached skill level 5 in Fighting
  3442 | D:3      | Gained mutation: You have a pair of horns on your head.
                  | [demonic ancestry]
  3442 | D:3      | Reached XP level 5. HP: 22/44 MP: 3/5
  3578 | D:3      | Found an iron altar of Okawaru.
  4182 | D:3      | Became a worshipper of Warmaster Okawaru
  4286 | D:4      | Found Olenies's Weapon Boutique.
  4326 | D:4      | Reached skill level 6 in Fighting
  4424 | D:4      | Gained mutation: You sometimes gain a little power by
                  | taking damage. [demonic ancestry]
  4424 | D:4      | Reached XP level 6. HP: 51/52 MP: 6/6
  4458 | D:4      | HP: 20/52 [poisoned by a worker ant]
  4463 | D:4      | HP: 15/53 [poisoned by a worker ant]
  4470 | D:4      | HP: 13/53 [poisoned by a worker ant]
  4477 | D:4      | HP: 12/53 [poisoned by a worker ant]
  4485 | D:4      | HP: 11/53 [poisoned by a worker ant]
  4841 | D:3      | HP: 21/53 [something/puff of flame (5)]
  5051 | D:3      | HP: 17/53 [orc priest/divine providence (13)]
  5295 | D:4      | Noticed Edmund
  5306 | D:4      | Killed Edmund
  5306 | D:4      | Reached skill level 7 in Fighting
  5328 | D:4      | Reached * piety under Okawaru
  5328 | D:4      | Gained mutation: When low on magic, you restore magic in
                  | place of health. [demonic ancestry]
  5328 | D:4      | Reached XP level 7. HP: 50/61 MP: 7/7
  5386 | D:4      | Noticed Menkaure
  5662 | D:3      | HP: 22/61 [Menkaure (11)]
  5664 | D:3      | HP: 9/61 [??? (4)]
  5666 | D:3      | Killed Menkaure
  5666 | D:3      | Reached skill level 8 in Fighting
  6100 | D:4      | Noticed Blork the orc
  6111 | D:4      | Killed Blork the orc
  6115 | D:4      | HP: 25/63 [poisoned by a scorpion]
  6118 | D:4      | HP: 12/63 [poisoned by a scorpion]
  6119 | D:4      | Reached skill level 9 in Fighting
  6562 | D:4      | Found a staircase to the Ecumenical Temple.
  6822 | D:5      | Entered Level 5 of the Dungeon
  6892 | D:5      | Found a runed translucent gate.
  6892 | D:5      | Found a runed translucent gate.
  6892 | D:5      | Found a runed translucent gate.
  7066 | D:5      | Reached XP level 8. HP: 37/71 MP: 5/8
  7216 | D:5      | Reached ** piety under Okawaru
  7682 | D:5      | Reached skill level 10 in Fighting
  7837 | D:5      | Noticed steinardarri's ghost (novice CeAM)
  8976 | D:7      | You fall through a shaft!
  8976 | D:8      | Found a blossoming altar of Fedhas.
  9029 | D:8      | Found a runed translucent door.
  9033 | D:8      | Found a shadowy altar of Dithmenos.
  9042 | D:8      | Found a bloodstained altar of Trog.
  9045 | D:8      | Gained mutation: You sometimes gain power by taking damage.
                  | [demonic ancestry]
  9045 | D:8      | Reached XP level 9. HP: 72/78 MP: 9/9
  9061 | D:8      | Found an iron altar of Okawaru.
  9091 | D:8      | Reached *** piety under Okawaru
  9091 | D:8      | Reached skill level 5 in Armour
  9132 | D:8      | Noticed Joseph
  9152 | D:8      | HP: 29/78 [Joseph/+0 quarterstaff (11)]
  9158 | D:8      | Killed Joseph
  9158 | D:8      | Reached skill level 5 in Dodging
  9810 | D:8      | Noticed Harold
  9826 | D:8      | HP: 30/78 [Harold/+0 short sword (3)]
  9830 | D:8      | Killed Harold
  9830 | D:8      | Reached **** piety under Okawaru
  9836 | D:8      | HP: 29/78 [ogre/+0 giant club (9)]
  9845 | D:8      | HP: 28/78 [megabat (1)]
  9850 | D:8      | Found a staircase to the Lair.
  9864 | D:8      | HP: 31/78 [megabat (1)]
 10315 | D:7      | Reached XP level 10. HP: 48/86 MP: 7/10
 10629 | D:7      | Reached skill level 1 in Axes
 10663 | D:7      | Found Fira's Distillery.
 10670 | D:7      | Bought a potion of haste for 120 gold pieces
 10670 | D:7      | Bought a potion of mutation for 96 gold pieces
 10754 | D:7      | Identified the Collected Works on the Boosting Traveller
 10851 | D:7      | Reached skill level 1 in Shields
 11052 | D:7      | Found a radiant altar of Vehumet.
 11229 | D:8      | Noticed Pikel
 11242 | D:8      | Killed Pikel
 11431 | D:8      | Found a sacrificial altar of Ru.
 11735 | D:8      | Received a gift from Okawaru
 11984 | D:8      | Found an ancient bone altar of Kikubaaqudgha.
 12010 | D:8      | Noticed a flayed ghost
 12235 | D:9      | Reached ***** piety under Okawaru
 12280 | D:9      | Received a gift from Okawaru
 12280 | D:9      | Reached skill level 11 in Fighting
 12504 | D:9      | HP: 35/88 [yak (9)]
 12933 | D:9      | Reached XP level 11. HP: 85/93 MP: 11/11
 13026 | D:9      | Found a staircase to the Orcish Mines.
 13436 | Lair:1   | Entered Level 1 of the Lair of Beasts
 13643 | Lair:1   | Reached skill level 5 in Axes
 13664 | Lair:1   | HP: 35/93 [water moccasin (3)]
 13669 | Lair:1   | HP: 27/93 [poisoned by a water moccasin]
 13674 | Lair:1   | HP: 17/94 [poisoned by a water moccasin]
 13679 | Lair:1   | HP: 11/94 [poisoned by a water moccasin]
 13684 | Lair:1   | HP: 8/94 [poisoned by a water moccasin]
 13689 | Lair:1   | HP: 5/94 [poisoned by a water moccasin]
 13704 | Lair:1   | HP: 13/94 [porcupine (1)]
 13808 | Lair:1   | HP: 32/94 [komodo dragon (7)]
 13812 | Lair:1   | HP: 13/94 [komodo dragon (7)]
 13813 | Lair:1   | Received a gift from Okawaru
 13817 | Lair:1   | HP: 24/94 [crocodile (8)]
 14191 | Lair:1   | HP: 30/95 [komodo dragon (19)]
 14194 | Lair:1   | HP: 9/95 [komodo dragon (9)]
 14209 | Lair:1   | HP: 12/95 [komodo dragon (1)]
 14210 | Lair:1   | Reached skill level 5 in Shields
 14754 | Lair:1   | Received a gift from Okawaru
 14757 | Lair:1   | Got a twisted short sword {god gift}
 14758 | Lair:1   | Identified the +2 short sword of Ukomaria {pierce, rF+ rN+
                  | Dex+4} (Okawaru gifted it to you on level 1 of the Lair of
                  | Beasts)
 15269 | Lair:2   | Noticed an oklob plant
 15299 | Lair:2   | Got a polished cloak
 15310 | Lair:2   | Identified the +0 cloak "Nois Uleraga" {rF+ rN+ MR+} (You
                  | found it on level 2 of the Lair of Beasts)
 15340 | Lair:2   | Noticed an eight-headed hydra
 15430 | Lair:2   | Reached skill level 12 in Fighting
 15832 | Lair:2   | HP: 29/95 [komodo dragon (20)]
 16114 | Lair:2   | Noticed Fannar
 16128 | Lair:2   | HP: 34/95 [ice beast[Fannar] (10)]
 16133 | Lair:2   | Killed Fannar
 16133 | Lair:2   | Received a gift from Okawaru
 16558 | Lair:2   | HP: 37/95 [electric eel/bolt of electricity (7)]
 16565 | Lair:2   | HP: 35/96 [electric eel/bolt of electricity (1)]
 17476 | Lair:3   | Noticed a six-headed hydra
 17554 | Lair:3   | Reached XP level 12. HP: 89/103 MP: 13/13
 17783 | Lair:3   | Noticed a five-headed hydra
 17805 | Lair:3   | Killed a five-headed hydra
 18405 | Lair:4   | Noticed Kirke
 18423 | Lair:4   | Noticed a sphinx
 18470 | Lair:4   | HP: 38/103 [fire crab (8)]
 18492 | Lair:4   | HP: 41/103 [fire crab] (2)]
 18497 | Lair:4   | HP: 29/103 [something (4)]
 19142 | Lair:4   | Reached skill level 10 in Axes
 19179 | Lair:4   | Reached skill level 13 in Fighting
 19276 | Lair:4   | Received a gift from Okawaru
 19424 | Lair:4   | Found a staircase to the Snake Pit.
 19478 | Lair:4   | Reached skill level 5 in Evocations
 19506 | Lair:4   | HP: 40/105 [elephant (7)]
 20483 | Lair:5   | Found a gate leading to a gauntlet.
 20495 | Gauntlet | Entered a Gauntlet
 20495 | Gauntlet | Found a transporter.
 20498 | Gauntlet | Found a transporter.
 20511 | Gauntlet | Found a transporter.
 20514 | Gauntlet | Found a transporter.
 20529 | Gauntlet | Found a transporter.
 20544 | Gauntlet | Found a transporter.
 20555 | Gauntlet | Noticed a blizzard demon
 20557 | Gauntlet | Found a transporter.
 20574 | Gauntlet | Found a transporter.
 20578 | Gauntlet | Found a transporter.
 20580 | Gauntlet | Noticed a hell hog
 20586 | Gauntlet | Found a transporter.
 20604 | Gauntlet | Found a transporter.
 20610 | Gauntlet | Found a transporter.
 20683 | Gauntlet | Reached XP level 13. HP: 91/111 MP: 17/17
 20717 | Gauntlet | Got a pitted ivory amulet
 20734 | Gauntlet | Identified the amulet of the Foremost Seas {Harm *Drain
                  | *Slow rF+ SInv} (You found it in a Gauntlet)
 20954 | Gauntlet | HP: 30/111 [thrashing horror (16)]
 20967 | Gauntlet | HP: 41/111 [thrashing horror (8)]
 20977 | Gauntlet | HP: 41/111 [thrashing horror (1)]
 20983 | Gauntlet | HP: 33/111 [thrashing horror (5)]
 20990 | Gauntlet | Got a warped iron amulet
 21300 | Gauntlet | Identified the amulet of Pyromania {Harm *Drain rC+ Str+6
                  | Int+6} (You found it in a Gauntlet)
 21332 | Gauntlet | Noticed a minotaur
 21335 | Gauntlet | HP: 23/111 [minotaur/+2 halberd of pain (23)]
 21340 | Gauntlet | HP: 30/111 [minotaur/+2 halberd of pain (15)]
 21345 | Gauntlet | HP: 17/111 [minotaur's headbutt (3)]
 21347 | Gauntlet | HP: 5/111 [minotaur/+2 halberd of pain (8)]
 21348 | Gauntlet | Killed a minotaur
 21356 | Gauntlet | Got an encrusted broad axe
 21666 | Gauntlet | Identified the cursed +1 broad axe "Kutahub" {chop, rN+}
                  | (You found it in a Gauntlet)
 21796 | Lair:5   | HP: 41/111 [blink frog (8)]
 21801 | Lair:5   | HP: 22/111 [blink frog (6)]
 21808 | Lair:5   | HP: 12/111 [spiny frog (10)]
 21815 | Lair:5   | HP: 4/111 [spiny frog (9)]
 21818 | Lair:5   | HP: 1/111 [spiny frog (3)]
 22191 | Lair:5   | Found an iron altar of Okawaru.
 22215 | Lair:5   | Received a gift from Okawaru
 22228 | Lair:5   | Got a smoking war axe {god gift}
 22229 | Lair:5   | Identified the +5 war axe "Xavov" {flame, Str+2 Dex+4}
                  | (Okawaru gifted it to you on level 5 of the Lair of Beasts)
 22733 | Lair:6   | Entered Level 6 of the Lair of Beasts
 22750 | Lair:5   | Reached ****** piety under Okawaru
 22918 | Lair:6   | Found a dark tunnel.
 22927 | Volcano  | Entered a volcano
 23018 | Volcano  | Received a gift from Okawaru
 23140 | Volcano  | Found a radiant altar of Vehumet.
 23149 | Volcano  | Reached skill level 14 in Fighting
 23149 | Volcano  | HP: 34/113 [yaktaur/bolt (12)]
 23540 | Volcano  | Noticed a red draconian
 23567 | Volcano  | Killed a red draconian
 23967 | Lair:6   | Gained mutation: You are partially covered in thin metallic
                  | scales. (AC +2) [demonic ancestry]
 23967 | Lair:6   | Reached XP level 14. HP: 60/120 MP: 16/19
 24260 | Lair:6   | beem: I am beem. For help, type: !beem
 24260 | Lair:6   | LazyJones: !subscribe
 24260 | Lair:6   | beem: Subscribed. I will now watch all games of user
                  | LazyJones
 24260 | Lair:6   | LazyJones: !streak
 24260 | Lair:6   | beem: LazyJones has 14 consecutive wins (MiBe, MiFi, MiGl,
                  | HOAK, TrBe, MfBe, HOFi, DDFi, CeHu, DsBe, DDAs, VSFi, MiWn,
                  | DDWn).
 24384 | Lair:6   | Found a viscous altar of Jiyva.
 24386 | Lair:6   | Found a staircase to the Slime Pits.
 25039 | Lair:6   | HP: 48/121 [poison (poison gas)]
 25044 | Lair:6   | HP: 37/121 [poison (poison gas)]
 25049 | Lair:6   | HP: 32/121 [poison (poison gas)]
 25055 | Lair:6   | HP: 29/121 [poison (poison gas)]
 25060 | Lair:6   | HP: 28/121 [poison (poison gas)]
 25065 | Lair:6   | HP: 27/121 [poison (poison gas)]
 25072 | Lair:6   | HP: 27/121 [poison (poison gas)]
 25080 | Lair:6   | HP: 28/121 [poison (poison gas)]
 26081 | Lair:3   | Killed Kirke
 26474 | Lair:2   | Received a gift from Okawaru
 26665 | Lair:2   | Found a staircase to the Shoals.
 27045 | D:10     | Entered Level 10 of the Dungeon
 27160 | D:10     | Reached skill level 1 in Invocations
 27179 | D:10     | Found a shattered altar of Ashenzari.
 27246 | D:10     | Noticed Psyche
 27254 | D:10     | Killed Psyche
 27259 | D:10     | Was placed under penance by Okawaru
 27749 | D:8      | Quit the game

Skill      XL: |  1  2  3  4  5  6  7  8  9 10 11 12 13 14 |
---------------+-------------------------------------------+-----
Fighting       | 2 3 4 5 6 7 9 10 11 12 13 14 | 14.8
Armour         | 4 7 9 |  9.9
Dodging        | 3 6 7 9 |  9.9
Axes           | 4 8 10 | 10.8
Shields        | 4 5 |  5.0
Evocations     | 2 5 7 |  7.0
Invocations    | 2 |  2.2
Short Blades   | |  2.6
Throwing       | |  1.0

Action                   |  1- 3 |  4- 6 |  7- 9 | 10-12 | 13-15 || total
-------------------------+-------+-------+-------+-------+-------++-------
Melee: Falchion          |   121 |   183 |     5 |       |       ||   309
       Headbutt          |    20 |    33 |    72 |   197 |   166 ||   488
       Flail             |       |     7 |   321 |       |       ||   328
       War axe           |       |       |    11 |   965 |   542 ||  1518
       Broad axe         |       |       |       |       |    21 ||    21
Invok: Heroism           |       |       |     1 |     1 |     1 ||     3
Evoke: Wand              |       |     6 |     6 |    12 |    19 ||    43
       Fan of gales      |       |     1 |       |     1 |     1 ||     3
       Lightning rod     |       |       |       |       |     4 ||     4
       Lamp of fire      |       |       |       |       |     1 ||     1
  Use: Scroll            |       |     2 |     5 |    15 |     8 ||    30
       Potion            |       |       |     4 |     7 |     6 ||    17
 Stab: Sleeping          |     1 |       |       |       |       ||     1
  Eat: Chunk             |     6 |     8 |    11 |    19 |     7 ||    51
       Ration            |       |       |     2 |     4 |     5 ||    11
Armor: Robe              |    11 |       |       |       |       ||    11
       Scale mail        |    19 |    23 |       |       |       ||    42
       Chain mail        |       |    75 |   304 |   554 |   274 ||  1207
Dodge: Dodged            |    72 |    77 |   260 |   534 |   335 ||  1278
Block: Buckler           |       |       |       |   257 |   161 ||   418
       Rpst.: Falchion   |    21 |    17 |       |       |       ||    38
